 Dungeon Sprint DCSS version 0.17-a0-1719-g1afd5a1 (webtiles) character file.

96 hexophile the Changer (level 4, -1/34 HPs)
             Began as a Demigod Transmuter on Aug 28, 2015.
             Slain by an ice beast (7 damage)
             ... in the Dungeon (Sprint IX: "|||||||||||||||||||||||||||||").
             The game lasted 00:01:29 (387 turns).

hexophile the Changer (Demigod Transmuter)           Turns: 387, Time: 00:01:29

Health: -1/34      AC:  3    Str: 15    XL:     4   Next: 18%
Magic:  9/9        EV: 13    Int: 17    God:
Gold:   0          SH:  0    Dex: 22    Spells: 1 memorised, 5 levels left

rFire  . . .     SeeInvis .       - Unarmed
rCold  . . .     Clarity  .     b - +0 robe
rNeg   . . .     SustAt   +     (no shield)
rPois  .         Gourm    .     (no helmet)
rElec  .         Spirit   .     p - +0 cloak
rCorr  .         Warding  .     (no gloves)
rMut   .         NoTele   +     (boots currently unavailable)
MR     .....                    (no amulet)
Stlth  ++........               r - +3 ring of dexterity
                                q - +3 ring of dexterity

@: appendage, not resistant to hostile enchantments, unstealthy
A: talons 3, high mp 1, sustain attributes
a: End Transformation


You were in the Dungeon.
You were not hungry.
You had grown temporary talons.
You visited 1 branch

Inventory:

Missiles
 a - 12 arrows
Armour
 b - a +0 robe (worn)
 p - a +0 cloak (worn)
Magical staves
 n - an uncursed staff of energy
Jewellery
 q - a +3 ring of dexterity (left hand)
 r - a +3 ring of dexterity (right hand)
Magical devices
 k - a wand of fire (5)
Scrolls
 f - 3 scrolls of remove curse
 g - 2 scrolls of amnesia
 j - a scroll of blinking
Potions
 e - 5 potions of curing
 h - 4 potions of magic
 i - a potion of berserk rage
 l - a potion of invisibility
 m - 2 potions of heal wounds
Books
 c - a book of Changes

   Spells                             Type                      Level
   a - Beastly Appendage              Transmutation                1
   b - Sticks to Snakes               Transmutation                2
   c - Spider Form                    Transmutation/Poison         3
   d - Ice Form                       Ice/Transmutation            4
   e - Blade Hands                    Transmutation                5
Comestibles
 d - a bread ration


   Skills:
 - Level 0.8 Fighting
 - Level 1.7 Dodging
 + Level 5.3 Unarmed Combat
 - Level 1.7 Spellcasting
 * Level 6.8 Transmutations


You had 5 spell levels left.
You knew the following spells:

 Your Spells              Type           Power        Failure   Level  Hunger
a - Beastly Appendage     Trmt           ###...       1%          1    #......


Dungeon Overview and Level Annotations

Branches:
Dungeon (1/1)


Innate Abilities, Weirdness & Mutations

You have an increased reservoir of magic (+10% MP).
Your attributes are resistant to harm.
You have claws for feet.


Message History

Aim: an ice beast (moderately wounded)
The bolt of fire hits the ice beast.
The ice beast melts!
The ice beast is almost dead.
This wand has 5 charges left.
The ice beast barely misses you.
Unknown command.
Unknown command.
You closely miss the ice beast. You claw the ice beast.
The ice beast is almost dead.
The ice beast hits you but does no damage.
Unknown command.
You barely miss the ice beast.
You claw the ice beast, but do no damage.
The ice beast is almost dead.
The ice beast misses you.
You hit the ice beast but do no damage. You punch the ice beast.
The ice beast is almost dead.
The ice beast hits you.
* * * LOW HITPOINT WARNING * * *
The ice beast freezes you!
You die...

▓_▓
▓_▓
▓_▓
▓_▓
▓_▓
▓_▓
▓_▓
▓Y▓
▓@▓
▓_▓
▓'▓
▓.▓
▓.▓
▓.▓
▓)▓
▓[▓
▓.▓


You could see an ice beast.

Vanquished Creatures
  An ogre (D)
  An adder zombie (D)
  A giant gecko (D)
  A ball python (D)
  A bat (D)
  A hobgoblin (D)
  2 rats (D)
8 creatures vanquished.

Notes
Turn   | Place    | Note
--------------------------------------------------------------
     0 | D        | hexophile the Demigod Transmuter began the quest for the Orb.
     0 | D        | Reached XP level 1. HP: 15/15 MP: 5/5
    12 | D        | Reached skill level 3 in Unarmed Combat
   210 | D        | Noticed an ice beast
   210 | D        | Noticed an ogre
   214 | D        | HP: 1/15 [giant gecko (3)]
   217 | D        | Found a glowing silver altar of Zin.
   217 | D        | Found a glowing golden altar of the Shining One.
   217 | D        | Found an ancient bone altar of Kikubaaqudgha.
   217 | D        | Found a basalt altar of Yredelemnul.
   217 | D        | Found a shimmering altar of Xom.
   217 | D        | Found a radiant altar of Vehumet.
   218 | D        | Found an iron altar of Okawaru.
   219 | D        | Found a burning altar of Makhleb.
   220 | D        | Found a deep blue altar of Sif Muna.
   221 | D        | Found a bloodstained altar of Trog.
   222 | D        | Found a sparkling altar of Nemelex Xobeh.
   223 | D        | Found a white marble altar of Elyvilon.
   224 | D        | Found a roughly hewn altar of Beogh.
   225 | D        | Found a viscous altar of Jiyva.
   226 | D        | Found a corrupted altar of Lugonu.
   227 | D        | Found a blossoming altar of Fedhas.
   228 | D        | Found a snail-covered altar of Cheibriados.
   229 | D        | Found a shadowy altar of Dithmenos.
   230 | D        | Found a stormy altar of Qazlal.
   231 | D        | Found an opulent altar of Gozag.
   232 | D        | Found a sacrificial altar of Ru.
   373 | D        | Killed an ogre
   373 | D        | Reached skill level 5 in Unarmed Combat
   373 | D        | Reached skill level 6 in Transmutations
   373 | D        | Reached XP level 2. HP: 17/22 MP: 7/7
   373 | D        | Reached XP level 3. HP: 20/27 MP: 8/8
   373 | D        | Reached XP level 4. HP: 25/34 MP: 9/9
   387 | D        | Slain by an ice beast

Vault maps used:
D:        linesprint

Action                   |  1- 3 |  4- 6 || total
-------------------------+-------+-------++-------
Melee: Unarmed           |    25 |    11 ||    36
       Staff             |     5 |       ||     5
 Cast: Beastly Appendage |     3 |     1 ||     4
Evoke: Wand              |     1 |     1 ||     2
  Use: Potion            |     2 |       ||     2
       Scroll            |     1 |       ||     1
